 Dungeon Crawl Stone Soup version 0.30-a0-782-ge64f9170bb (webtiles) character file.

Game seed: 12297804543652337587

82 mopl the Slasher (level 4, 0/35 HPs)
             Began as a Merfolk Warper on Mar 6, 2023.
             Slain by Natasha (6 damage)
             ... on level 2 of the Dungeon.
             The game lasted 00:02:59 (1727 turns).

mopl the Slasher (Merfolk Warper)                   Turns: 1727, Time: 00:03:00

Health: 0/35       AC:  3    Str: 13    XL:     4   Next: 43%
Magic:  7/7        EV: 12    Int: 12    God:
Gold:   77         SH:  0    Dex: 13    Spells: 5/7 levels left

rFire   . . .      SeeInvis .    a - +0 long sword
rCold   . . .      Faith    .    (no shield)
rNeg    . . .      Spirit   .    b - +0 leather armour
rPois   .          Reflect  .    (no helmet)
rElec   .          Harm     .    (no cloak)
rCorr   .          Rampage  .    (no gloves)
Will    .....                    (no boots)
Stlth   +                        e - amulet of the acrobat
HPRegen 0.25/turn                (no ring)
MPRegen 0.10/turn                (no ring)

@: slowed, very slow
A: (nimble swimmer 2), mertail
a: no special abilities


You were on level 2 of the Dungeon.
You visited 1 branch of the dungeon, and saw 2 of its levels.

You collected 77 gold pieces.

Inventory:

Hand Weapons
 a - a +0 long sword (weapon)
 n - a +0 falchion
Missiles
 d - 7 boomerangs of dispersal (quivered)
 o - 3 poisoned darts
Armour
 b - a +0 leather armour (worn)
Jewellery
 e - an amulet of the acrobat (around neck)
Scrolls
 c - a scroll of blinking
 g - a scroll of enchant armour {unknown}
 h - a scroll of poison {unknown}
 i - a scroll of vulnerability {unknown}
 j - a scroll of torment {unknown}
 k - a scroll of fog
 l - 2 scrolls of teleportation {unknown}
 m - a scroll of noise {unknown}
 s - a scroll of identify {unknown}
Potions
 f - 2 potions of attraction {unknown}
 p - 2 potions of haste
 q - a potion of invisibility {unknown}
 r - a potion of curing


   Skills:
 + Level 3.0 Fighting
 * Level 3.7 Long Blades
 + Level 1.7 Throwing
 + Level 1.1 Armour
 + Level 3.4 Dodging
 - Level 2.0 Spellcasting
 - Level 2.4 Translocations


You had 5 spell levels left.
You knew the following spells:

 Your Spells              Type           Power      Damage    Failure   Level
b - Blink                 Tloc           12%        N/A       21%         2

Your spell library contained the following spells:

 Spells                   Type           Power      Damage    Failure   Level
 Lesser Beckoning         Tloc           12%        N/A       21%         2
 Teleport Other           Tloc           6%         N/A       36%         3
 Vhi's Electric Charge    Tloc/Air       8%         N/A       54%         3
 Frozen Ramparts          Ice            2%         1d1       71%         3
 Manifold Assault         Tloc           6%         N/A       78%         4
 Ice Form                 Ice/Tmut       1%         N/A       98%         4
 Summon Ice Beast         Ice/Summ       1%         N/A       98%         4


Dungeon Overview and Level Annotations

Branches:
Dungeon (2/15)

Altars:

Shops:
D:2 (

Annotations:
D:2 Natasha, Robin


Innate Abilities, Weirdness & Mutations

((You are very nimble when in or above water. (Stealth+, EV+, Speed+++)))
Your lower body shifts to a powerful aquatic tail in water.


Message History

Natasha yowls pathetically as she dies!
Your Fighting skill increases to level 3!
No target in view!
No target in view!
You see here the felid corpse of Natasha.
Done exploring.
Done exploring.
Level map cleared.
You see here the felid corpse of Natasha.
Natasha, Servant of Life and Death comes into view.
You barely miss Natasha.
Natasha howls an incantation.
You feel disoriented.
Natasha drinks a potion.
Natasha seems to speed up.
Natasha closely misses you.
You slash Natasha!
Natasha is heavily wounded.
Natasha claws you.
You hit Natasha.
Natasha is almost dead.
Natasha casts a spell at you.
You feel yourself slow down. Natasha barely misses you.
You closely miss Natasha.
Natasha is almost dead.
Natasha mumbles some strange words.
Natasha mewls in sadness.
Natasha stares at you and mumbles some strange words.
The magic dart hits you.
Natasha casts a spell.
You barely miss Natasha.
Natasha is almost dead.
Natasha wildly gestures.
Natasha's front paws start to glow.
Natasha claws you! Natasha casts a spell at you. The magic dart hits you.
The white imp gestures at you. The puff of frost hits you!
* * * LOW HITPOINT WARNING * * *
Natasha claws you.
You die...

*********,*
*,******,,,,,,
#.# *,**
******* #.#
*,,** * #.#
**,,* #.# **,*
#####.# *,*
#..)..#
*,**********
#...5h#
*,,,,,,,,,,,
#...5@#
************
#####.# #.#
#.# #.# #.#
#.# #.# #.#


You could see Natasha (fast), a crimson imp (summoned) and a white imp
(summoned).

Vanquished Creatures
  Natasha (D:2)
  An adder (D:2)
  2 dart slugs
  A bat (D:2)
  7 endoplasms
  A giant cockroach (D:2)
  A hobgoblin (D:2)
  8 kobolds
  2 quokkas
  2 ball pythons (D:1)
  2 frilled lizards
  6 goblins
  9 rats
43 creatures vanquished.

Notes
Turn   | Place    | Note
-------+----------+-------------------------------------------
     0 | D:1      | mopl the Merfolk Warper began the quest for the Orb.
     0 | D:1      | Reached XP level 1. HP: 16/16 MP: 3/3
   203 | D:1      | Reached XP level 2. HP: 14/23 MP: 5/5
   282 | D:1      | Learned a level 2 spell: Blink
   339 | D:1      | Reached skill level 3 in Long Blades
   411 | D:1      | Reached skill level 3 in Dodging
   478 | D:1      | Reached XP level 3. HP: 28/28 MP: 6/6
   857 | D:2      | Noticed Robin
   968 | D:2      | Reached skill level 1 in Armour
  1405 | D:2      | Found Beogiut's Antique Weapon Shop.
  1641 | D:2      | Reached XP level 4. HP: 34/34 MP: 7/7
  1651 | D:2      | Noticed Natasha
  1658 | D:2      | Killed Natasha
  1659 | D:2      | Reached skill level 3 in Fighting
  1719 | D:2      | Noticed Natasha
  1727 | D:2      | Slain by Natasha

Illustrated notes

Levels and vault maps discovered:
D:1:      onia_arrival_mini_maze, layout_rooms, minmay_tetromino_o4
D:2:      layout_basic, serial_shops, nicolae_square_shop, uniq_natasha,
          uniq_robin

Skill      XL: |  1  2  3  4 |
---------------+-------------+-----
Long Blades    | 3 |  3.7
Dodging        | 3 |  3.4
Armour         | 1 |  1.1
Fighting       | 3 |  3.0
Throwing       | |  1.7
Spellcasting   | |  2.0
Translocations | |  2.4

Action                     |  1- 3 |  4- 6 || total
---------------------------+-------+-------++-------
  Melee: Falchion          |    54 |       ||    54
         Long sword        |    64 |     9 ||    73
    Use: Scroll            |     2 |       ||     2
 Armour: Leather armour    |    27 |       ||    27
  Dodge: Dodged            |    93 |     5 ||    98

Table legend: (Time is in decaauts)
 A = Elapsed time spent in this place.
 B = Non-inter-level travel time spent in this place.
 C = Inter-level travel time spent in this place.
 D = Time resting spent in this place.
 E = Time spent auto-exploring this place.
 F = Levels seen in this place.
 G = Mean time per level.
                   A        B        C        D        E       F      G
               +--------+--------+--------+--------+--------+-----+--------+
         Total |   1752 |   1686 |     66 |    127 |   1127 |   2 |  876.0 |
       Dungeon |   1752 |   1686 |     66 |    127 |   1127 |   2 |  876.0 |
               +--------+--------+--------+--------+--------+-----+--------+

Top non-repeatable levels by time:
     D:2: 1036 daAuts
     D:1: 715 daAuts
